 Dungeon Crawl Stone Soup version 0.23-a0-356-g1757c6e (webtiles) character file.

8009 Garbasso the Covert (level 11, -5/58 HPs)
             Began as a Vine Stalker Enchanter on Oct 21, 2018.
             Was an Elder of Okawaru.
             Slain by a red ugly thing (18 damage)
             ... on level 10 of the Dungeon.
             The game lasted 00:55:49 (11530 turns).

Garbasso the Covert (Vine Stalker Enchanter)       Turns: 11530, Time: 00:55:49

Health: -5/58      AC: 10    Str: 11    XL:     11   Next: 24%
Magic:  0/15       EV: 13    Int: 15    God:    Okawaru [****..]
Gold:   528        SH:  0    Dex: 18    Spells: 2/14 levels left

rFire    . . .     SeeInvis .   G - +2 dagger (drain)
rCold    + . .     Gourm    .   (no shield)
rNeg     . . .     Faith    .   K - +0 troll leather armour
rPois    .         Spirit   +   m - +0 helmet
rElec    .         Reflect  .   g - +2 cloak
rCorr    .         Harm     .   (no gloves)
MR       +....                  (no boots)
Stlth    ++++......             (no amulet)
HPRegen  0.99/turn              h - +2 ring of protection
MPRegen  0.14/turn              f - ring of protection from cold

@: heavily drained
A: fangs 3, regeneration 1, magic shield, antimagic bite, no potion heal 3, rot
immunity
a: Heroism, Renounce Religion


You were on level 10 of the Dungeon.
You worshipped Okawaru.
Okawaru was greatly pleased with you.
You were not hungry.

You visited 1 branch of the dungeon, and saw 11 of its levels.
You also visited: Ossuary and Bailey.

You collected 580 gold pieces.
You spent 52 gold pieces at shops.

Inventory:

Hand Weapons
 a - a +0 dagger of venom
 b - a +1 fustibalus of freezing
 z - a +0 great sword
 G - a +2 dagger of draining (weapon)
 J - a +2 dagger of holy wrath
 L - a +2 long sword of freezing
Missiles
 i - 33 stones (quivered)
 u - 110 sling bullets
 E - 2 throwing nets
Armour
 g - a +2 cloak (worn)
 j - a +1 robe
 m - a +0 helmet (worn)
 K - a +0 troll leather armour (worn)
Magical Staves
 p - an uncursed staff of wizardry
Jewellery
 f - a ring of protection from cold (right hand)
 h - a +2 ring of protection (left hand)
Wands
 y - a wand of iceblast (14)
 D - a wand of flame (17)
Scrolls
 c - 4 scrolls of remove curse
 e - 3 scrolls of teleportation
 l - a scroll of immolation
 q - 2 scrolls of magic mapping
 x - 3 scrolls of fog
 F - a scroll of enchant armour
 H - a scroll of identify
Potions
 k - 2 potions of lignification
 n - 4 potions of flight
 o - 8 potions of curing
 r - 3 potions of might
 s - 3 potions of cancellation
 t - 3 potions of degeneration {unknown}
 v - 2 potions of magic
 w - a potion of agility {unknown}
 A - a potion of berserk rage
 B - 8 potions of mutation
 C - a potion of resistance {unknown}
 I - a potion of brilliance {unknown}
Comestibles
 d - 10 rations


   Skills:
 + Level 6.9(4.2) Fighting
 + Level 8.7(5.8) Short Blades
 + Level 5.3(2.8) Dodging
 + Level 10.6(7.6) Stealth
 - Level 2.1(0.0) Spellcasting
 + Level 7.6(4.9) Hexes


You had 2 spell levels left.
You knew the following spells:

 Your Spells              Type           Power        Failure   Level  Hunger
a - Corona                Hex            ##.....      4%          1    ##.....
b - Ensorcelled Hibernat  Hex/Ice        #.....       21%         2    ###....
c - Tukima's Dance        Hex            ##......     14%         3    ####...
d - Confuse               Hex            ##......     14%         3    ####...
e - Dazzling Spray        Conj/Hex       #.....       36%         3    ####...

Your spell library contained the following spells:

 Spells                   Type           Power        Failure   Level  Hunger
 Freeze                   Ice            #...         34%         1    ##.....
 Ice Form                 Ice/Tmut       #.......     98%         4    #####..
 Throw Icicle             Conj/Ice       #.......     98%         4    #####..
 Ozocubu's Refrigeration  Ice            #.........   100%        6    #######


Dungeon Overview and Level Annotations

Branches:
Dungeon (11/15)            Temple (0/1) D:7
   Lair: D:8-11         Orc: D:9-12

Altars:
Cheibriados
Dithmenos
Makhleb
Nemelex Xobeh
Okawaru
Qazlal
Sif Muna
Trog
Uskayaw
Xom

Shops:
D:7 *

Annotations:
D:7 exclusion: 2 doors
D:10 1 runed door, Nr616's ghost, journeyman HOFi
D:11 Urug


Innate Abilities, Weirdness & Mutations

You have razor-sharp teeth.
Your natural rate of healing is unusually fast.
When hurt, damage is shared between your health and your magic reserves.
Your bite disrupts and absorbs the magic of your enemies.
Potions cannot restore your health.
You are immune to rotting.


Message History

Aim: a red ugly thing (chance to defeat MR: 28%)
The red ugly thing easily resists.
The leopard gecko bites you.
The red ugly thing bites you but does no damage.
The leopard gecko bites you.
There is an open door here.
Casting: Confuse (safe; 14% risk of failure)
Confirm with . or Enter, or press ? or * to list all spells.
Aiming: Confuse (safe; 14% risk of failure)
Press: ? - help, Shift-Dir - straight line, f/p - red ugly thing
Aim: a red ugly thing (chance to defeat MR: 28%)
The red ugly thing easily resists.
The red ugly thing bites you!
You are engulfed in flames!!
The red ugly thing bites you!
You are engulfed in flames!!
* * * LOW HITPOINT WARNING * * *
There is an open door, spattered with blood here.
There is an open door here.
The red ugly thing bites you.
* * * LOW HITPOINT WARNING * * *
You are engulfed in flames!!
You die...

######### #.........##.###...
........# #.........##.#.##.)
........# #.........#..+W.#).
........# ####.........#..#(##..
........####..'.........'..###.).
........##...##.........##.'.....
........#..####.........####.....
(.......'.## ##'######## ######
........### #@.# ........# ##u###
####...## #.l.# ######.####
######'###
..........####..l.....# ####
.....<....##.'........# #...
..........##.#........# ####...
......>...##.#........# ###..'...
..........##.#........###...##...


You could see a red ugly thing and a leopard gecko.

Vanquished Creatures
  Harold (D:10)
  An orc knight (Bailey)
  Pikel (D:4)
  A komodo dragon (D:10)
  2 trolls (D:10)
  2 hornets (D:9)
  A hippogriff (D:10)
  Prince Ribbit (D:7)
  4 yaks (D:7)
  A wyvern (D:8)
  A hungry ghost (D:7)
  Menkaure (D:4)
  A soldier ant (D:9)
  An orc warrior (D:10)
  2 ice beasts (D:10)
  A black bear (D:9)
  2 sky beasts
  4 ogres
  4 centaurs
  2 phantoms
  2 big kobolds
  6 bullfrogs
  A wyvern skeleton (D:6)
  3 scorpions
  7 wights (D:10)
  2 howler monkeys
  2 crimson imps
  A lava snake (D:7)
  A bullfrog zombie (D:7)
  4 hounds
  2 jellies
  4 orc priests
  2 centaur skeletons (D:7)
  8 orc wizards
  4 worker ants
  A hound skeleton (D:6)
  3 mummies (Ossuary)
  A worker ant zombie (D:6)
  Robin (D:4)
  12 gnolls
  12 adders
  2 shadow imps
  An ooze (D:2)
  2 adder skeletons
  4 worms
  A dart slug (D:4)
  8 leopard geckos
  25 orcs
  11 giant cockroaches
  17 goblins
  20 hobgoblins
  18 jackals
  3 quokkas
  A ball python skeleton (D:6)
  7 bats
  4 frilled lizards
  2 gnoll skeletons (Ossuary)
  A gnoll zombie (Ossuary)
  2 goblin skeletons (Ossuary)
  A goblin zombie (Ossuary)
  4 hobgoblin skeletons (Ossuary)
  A hobgoblin zombie (Ossuary)
  21 kobolds
  2 kobold skeletons (Ossuary)
  3 kobold zombies (Ossuary)
  A leopard gecko skeleton (D:5)
  2 orc skeletons (Ossuary)
  6 orc zombies (Ossuary)
  A quokka zombie (D:7)
  11 rats
  3 rat zombies (Ossuary)
298 creatures vanquished.

Vanquished Creatures (collateral kills)
  2 orc warriors (D:9)
  An ogre (D:9)
  4 gnolls (Bailey)
  2 orcs (D:9)
  A hobgoblin (Bailey)
10 creatures vanquished.

Vanquished Creatures (others)
  6 dancing weapons
  A mummy (Ossuary)
  A gnoll zombie (Ossuary)
  A gnoll skeleton (Ossuary)
  2 goblin skeletons (Ossuary)
  3 goblin zombies (Ossuary)
  4 hobgoblin skeletons (Ossuary)
  4 hobgoblin zombies (Ossuary)
  3 kobold skeletons (Ossuary)
  A kobold zombie (Ossuary)
  An orc zombie (Ossuary)
  3 rat skeletons (Ossuary)
30 creatures vanquished.

Grand Total: 338 creatures vanquished

Notes
Turn   | Place    | Note
-------+----------+-------------------------------------------
     0 | D:1      | Garbasso the Vine Stalker Enchanter began the quest for the
                  | Orb.
     0 | D:1      | Reached XP level 1. HP: 9/9 MP: 4/4
    73 | D:1      | Reached skill level 1 in Short Blades
   123 | D:1      | Reached XP level 2. HP: 14/14 MP: 6/6
   436 | D:1      | Learned a level 2 spell: Ensorcelled Hibernation
   569 | D:1      | Reached skill level 4 in Stealth
   871 | D:1      | Reached XP level 3. HP: 17/17 MP: 7/7
   964 | D:1      | Learned a level 3 spell: Tukima's Dance
   986 | D:1      | Reached skill level 1 in Fighting
  1489 | D:2      | Found an iron altar of Okawaru.
  1511 | D:2      | Gained mutation: Your natural rate of healing is unusually
                  | fast. [Vine Stalker growth]
  1511 | D:2      | Reached XP level 4. HP: 3/22 MP: 2/8
  1531 | D:2      | Became a worshipper of Warmaster Okawaru
  1678 | D:2      | Found a stormy altar of Qazlal.
  1921 | D:2      | Reached XP level 5. HP: 24/25 MP: 7/9
  2733 | D:3      | Reached skill level 5 in Stealth
  2733 | D:3      | Reached XP level 6. HP: 28/30 MP: 10/10
  2958 | D:3      | Found a bloodstained altar of Trog.
  3241 | D:4      | Noticed Menkaure
  3273 | D:4      | Noticed Robin
  3283 | D:4      | Killed Robin
  3370 | D:4      | Found a snail-covered altar of Cheibriados.
  3402 | D:4      | Killed Menkaure
  3402 | D:4      | Reached * piety under Okawaru
  3402 | D:4      | Reached skill level 5 in Hexes
  3493 | D:4      | Noticed a phantom
  3513 | D:4      | Killed a phantom
  3513 | D:4      | Reached XP level 7. HP: 28/35 MP: 7/11
  3962 | D:4      | Noticed Pikel
  3969 | D:4      | Killed Pikel
  3969 | D:4      | Reached ** piety under Okawaru
  3969 | D:4      | Reached *** piety under Okawaru
  3969 | D:4      | Reached skill level 6 in Stealth
  3969 | D:4      | Gained mutation: You have razor-sharp teeth. [Vine Stalker
                  | growth]
  3969 | D:4      | Reached XP level 8. HP: 41/41 MP: 9/12
  4287 | D:5      | Entered Level 5 of the Dungeon
  4440 | D:5      | Found an iron altar of Okawaru.
  4791 | D:5      | Learned a level 3 spell: Confuse
  4954 | D:6      | Reached skill level 7 in Stealth
  5226 | D:6      | Found a sparkling altar of Nemelex Xobeh.
  5757 | D:7      | Reached XP level 9. HP: 45/46 MP: 13/13
  5825 | D:7      | Reached skill level 5 in Short Blades
  5837 | D:7      | Noticed a dagger
  5838 | D:7      | Noticed a hand axe
  5839 | D:7      | Found a hide-covered altar of Uskayaw.
  5892 | D:7      | Found a burning altar of Makhleb.
  5989 | D:7      | Found Gesachel's General Store.
  6051 | D:7      | Found a flagged portal.
  6060 | Bailey   | Entered a bailey
  6207 | Bailey   | Reached **** piety under Okawaru
  6377 | Bailey   | Noticed an orc knight
  6426 | Bailey   | HP: 2/46 [orc knight (14)]
  6516 | Bailey   | Learned a level 3 spell: Dazzling Spray
  6528 | Bailey   | Killed an orc knight
  6528 | Bailey   | Reached skill level 5 in Fighting
  6528 | Bailey   | Reached skill level 8 in Stealth
  6794 | Bailey   | Identified a scroll of acquirement
  6954 | D:7      | Bought a scroll of immolation for 52 gold pieces
  7380 | D:7      | Reached XP level 10. HP: 36/51 MP: 1/14
  7427 | D:7      | Reached skill level 9 in Stealth
  7568 | D:7      | Found a staircase to the Ecumenical Temple.
  7710 | D:7      | Noticed Prince Ribbit
  7728 | D:7      | Killed Prince Ribbit
  7862 | D:8      | Found a sand-covered staircase.
  7867 | Ossuary  | Entered an ossuary
  8489 | D:8      | Reached ***** piety under Okawaru
  9110 | D:9      | Received a gift from Okawaru
  9191 | D:9      | Found a deep blue altar of Sif Muna.
  9482 | D:9      | Found a shadowy altar of Dithmenos.
  9653 | D:9      | Identified the Tome of the Snowflakes
  9876 | D:10     | Entered Level 10 of the Dungeon
  9876 | D:10     | Noticed Harold
  9924 | D:10     | HP: 2/53 [Harold (11)]
 10055 | D:10     | Killed Harold
 10055 | D:10     | Reached skill level 10 in Stealth
 10367 | D:10     | Reached skill level 5 in Dodging
 10390 | D:10     | Found a runed door.
 10390 | D:10     | Found a shimmering altar of Xom.
 10390 | D:10     | Noticed Nr616's ghost (journeyman HOFi)
 10390 | D:10     | Noticed a glowing halberd
 10415 | D:10     | Reached XP level 11. HP: 29/58 MP: 2/15
 10783 | D:10     | Noticed a two-headed ogre
 11485 | D:11     | Noticed a death yak
 11485 | D:11     | Noticed a death yak
 11485 | D:11     | Noticed Urug
 11505 | D:11     | Noticed a death yak
 11505 | D:11     | Noticed a red ugly thing
 11530 | D:10     | Slain by a red ugly thing

Vault maps used:
D:1:      dpeg_arrival_fog
D:2:      nicolae_overflow_crystal_walls, grunt_qazlal_sundering, serial_glass,
          glass_columns_b, glass_columns_a, minmay_bisected
D:3:      marbit_many_paths, first_ration, dk_noncrumbling_3
D:4:      cheibriados_altar_1, uniq_menkaure, uniq_robin, uniq_pikel
D:5:      okawaru_ov_weapons_minmay
D:6:      kennysheep_mini
D:7:      kennysheep_mini_moat, dancing_weapons_uskayaw,
          minmay_temple_entry_glassed_door, serial_shops, kennysheep_little_box,
          enter_bailey_2, kennysheep_potato, uniq_prince_ribbit1
D:8:      lightli_ossuary_entry_decrepit_ruins
D:9:      nicolae_dithmenos_the_darkroom, basic_altar,
          hangedman_pestilent_swarm, st_stairs_9
D:10:     ebering_ghost_xom, uniq_harold
D:11:     dpeg_lair_monsters, gammafunk_ghost_spectres,
          hangedman_decor_slide_cut, uniq_urug
Ossuary:  ossuary_due_pyramid
Bailey:   bailey_axe_2, bailey

Skill      XL: |  1  2  3  4  5  6  7  8  9 10 |
---------------+-------------------------------+-----
Short Blades   | 1 2 3 4 6 8 |  8.7
Stealth        | 4 5 6 7 8 10 | 10.6
Fighting       | 1 2 3 4 5 6 |  6.9
Hexes          | 4 5 6 7 |  7.6
Dodging        | 2 3 5 |  5.3
Spellcasting   | |  2.1

Action                   |  1- 3 |  4- 6 |  7- 9 | 10-12 || total
-------------------------+-------+-------+-------+-------++-------
Melee: Dagger            |    94 |   159 |   361 |   417 ||  1031
       Bite              |    18 |    37 |    98 |   159 ||   312
       Great sword       |       |       |       |    36 ||    36
       Punch             |       |       |       |     2 ||     2
 Fire: Blowgun           |       |     3 |       |       ||     3
       Hunting sling     |       |    23 |    19 |       ||    42
       Fustibalus        |       |       |     3 |     3 ||     6
Throw: Stone             |       |     3 |       |       ||     3
 Cast: Ensorcelled Hiber |    10 |    20 |    35 |    33 ||    98
       Corona            |     1 |     3 |       |       ||     4
       Tukima's Dance    |       |     1 |    24 |     7 ||    32
       Confuse           |       |       |     6 |    26 ||    32
       Dazzling Spray    |       |       |       |     6 ||     6
Invok: Heroism           |       |       |     5 |     6 ||    11
Evoke: Wand              |       |       |       |     7 ||     7
  Use: Potion            |     1 |       |       |       ||     1
       Scroll            |       |     8 |     6 |     8 ||    22
 Stab: Sleeping          |    13 |    17 |    25 |    19 ||    74
       Distracted        |       |     1 |     1 |     4 ||     6
       Confused          |       |       |       |     2 ||     2
       Invisible         |       |       |       |     1 ||     1
  Eat: Chunk             |     2 |     9 |    12 |    12 ||    35
       Ration            |       |       |     4 |     3 ||     7
Armor: Robe              |    35 |    45 |   100 |    72 ||   252
       Troll leather arm |       |       |       |    23 ||    23
Dodge: Dodged            |    71 |    83 |   230 |   248 ||   632
       Rpst.: Great sword |       |       |       |     5 ||     5

Table legend:
 A = Non-vault XP
 B = Vault XP
 C = Vault XP percentage of total XP
 D = Non-vault monster count
 E = Vault monster count
 F = Vault count percentage of total count
                 A         B        C        D         E       F
            +---------+---------+-------+---------+---------+-------
      Total |    7465 |    3977 |  34.8 |     212 |      90 |  29.8
            +---------+---------+-------+---------+---------+-------
        D:1 |      50 |       0 |   0.0 |      29 |       0 |   0.0
        D:2 |     115 |      21 |  15.4 |      25 |       5 |  16.7
        D:3 |     151 |       2 |   1.3 |      21 |       1 |   4.5
        D:4 |     364 |     795 |  68.6 |      11 |      14 |  56.0
        D:5 |     199 |       0 |   0.0 |      14 |       0 |   0.0
        D:6 |     498 |       0 |   0.0 |      16 |       0 |   0.0
        D:7 |    1618 |     549 |  25.3 |      27 |       5 |  15.6
        D:8 |     822 |       0 |   0.0 |      16 |       0 |   0.0
        D:9 |    1264 |     810 |  39.1 |      26 |       6 |  18.8
       D:10 |    2384 |     966 |  28.8 |      27 |       1 |   3.6
    Ossuary |       0 |      34 | 100.0 |       0 |      24 | 100.0
     Bailey |       0 |     800 | 100.0 |       0 |      34 | 100.0
            +---------+---------+-------+---------+---------+-------
